 Dungeon Crawl Stone Soup version 0.30-a0-1035-g38d5fb2972 (webtiles) character file.

Game seed: 371418217342314262

4757 KristoblXynda the Carver (level 10, -3/91 HPs)
             Began as a Grey Draconian Gladiator on Apr 8, 2023.
             Was an Initiate of Gozag.
             Slain by a wight
             ... wielding a +0 flail
              (10 damage)
             ... on level 9 of the Dungeon.
             The game lasted 00:13:15 (9408 turns).

KristoblXynda the Carver (Grey Draconian Gladiator) Turns: 9408, Time: 00:13:15

Health: -3/91      AC: 15    Str: 18    XL:     10   Next: 23%
Magic:  10/10      EV: 19    Int: 11    God:    Gozag
Gold:   154        SH:  0    Dex: 25    Spells: 6/9 levels left

rFire   . . .      SeeInvis .    a - +1 long sword
rCold   . . .      Faith    .    (no shield)
rNeg    . . .      Spirit   .    (body armour unavailable)
rPois   .          Reflect  .    h - +1 hat
rElec   .          Rampage  .    l - +0 cloak
rCorr   .                        y - +0 pair of gloves
Will    .....                    (no boots)
Stlth   ++                       (no amulet)
HPRegen 0.35/turn                v - +6 ring of dexterity
MPRegen 0.12/turn                x - +6 ring of dexterity

@: slowed, studying Throwing, very slow
A: AC +12, amphibious, unfitting armour, cold-blooded
a: Renounce Religion, Potion Petition, Call Merchant, Bribe Branch


You were on level 9 of the Dungeon.
You worshipped Gozag.
Gozag was aware of your devotion.
You visited 2 branches of the dungeon, and saw 10 of its levels.

You collected 613 gold pieces.
You paid 459 gold pieces to Gozag.

Inventory:

Hand Weapons
 a - a +1 long sword (weapon)
Missiles
 c - 4 throwing nets (quivered)
 d - a javelin
Armour
 h - a +1 hat (worn)
 l - a +0 cloak (worn)
 y - a +0 pair of gloves (worn)
Jewellery
 i - a ring of flight
 n - a ring of resist corrosion
 v - a +6 ring of dexterity (left hand)
 x - a +6 ring of dexterity (right hand)
 E - a +6 ring of intelligence
Scrolls
 e - 4 scrolls of blinking
 g - 2 scrolls of torment
 k - 4 scrolls of teleportation
Potions
 b - 2 potions of curing
 f - 2 potions of invisibility
 j - 2 potions of cancellation
 p - 3 potions of lignification {unknown}
 r - 3 potions of mutation
 t - a potion of brilliance
 w - a potion of might {unknown}
 z - a potion of berserk rage {unknown}
 A - a potion of ambrosia {unknown}
 C - a potion of attraction {unknown}


   Skills:
 + Level 9.5 Fighting
 + Level 11.2 Long Blades
 + Level 6.6 Throwing
 + Level 8.2 Dodging


You had 6 spell levels left.
You knew the following spells:

 Your Spells              Type           Power      Damage    Failure   Level
a - Vhi's Electric Charg  Tloc/Air       0%         N/A       71%         3

Your spell library contained the following spells:

 Spells                   Type           Power      Damage    Failure   Level
 Magic Dart               Conj           0%         1d3       34%         1
 Shock                    Conj/Air       0%         1d3       34%         1
 Summon Small Mammal      Summ           0%         N/A       34%         1
 Call Imp                 Summ           0%         N/A       47%         2
 Scorch                   Fire           0%         2d5       47%         2
 Call Canine Familiar     Summ           0%         N/A       71%         3
 Mephitic Cloud           Conj/Pois/Air  0%         N/A       71%         3
 Summon Guardian Golem    Hex/Summ       0%         N/A       71%         3
 Swiftness                Air            0%         N/A       71%         3
 Airstrike                Air            0%         2d(0-16)  98%         4
 Flame Wave               Conj/Fire      0%         2d4       98%         4
 Arcjolt                  Conj/Air       0%         1d10      100%        5
 Summon Cactus Giant      Summ           0%         N/A       100%        6
 Maxwell's Capacitive Co  Air            0%         ∞         100%        8


Dungeon Overview and Level Annotations

Branches:
Dungeon (10/15)            Temple (1/1) D:5             Orc (0/2) D:10
   Lair: D:8-11

Altars:
Ashenzari
Cheibriados
Dithmenos
Elyvilon
Fedhas
Gozag
Hepliaklqana
Kikubaaqudgha
Makhleb
Nemelex Xobeh
Qazlal
Ru
Sif Muna
Trog
Uskayaw
Vehumet
Wu Jian
Xom
Yredelemnul
Zin

Annotations:
D:10 Maurice


Innate Abilities, Weirdness & Mutations

Your dull iron-grey scales are very hard. (AC +12)
You are amphibious.
You cannot fit into any form of body armour.
You are cold-blooded and may be slowed by cold attacks.


Message History

You hit the hornet.
The hornet is severely wounded.
You feel very sick. The hornet stings you!
* * * LOW HITPOINT WARNING * * *
You feel as though you will be slow longer.
The hornet barely misses you.
You closely miss the hornet. You tail-slap the hornet.
The hornet is severely wounded.
You feel sick. The hornet stings you!
* * * LOW HITPOINT WARNING * * *
You feel as though you will be slow longer.
The hornet barely misses you.
You hit the hornet but do no damage.
The hornet is severely wounded.
You feel sick. The hornet barely misses you.
The hornet stings you but does no damage.
Unknown command.
You hit the hornet but do no damage. You tail-slap the hornet.
The hornet is severely wounded.
You feel sick. The hornet barely misses you. The hornet stings you.
* * * LOW HITPOINT WARNING * * *
You are lethally poisoned!
You feel as though you will be slow longer.
The hornet attacks as you move away! The hornet barely misses you.
* * * LOW HITPOINT WARNING * * *
You feel very sick. The hornet barely misses you.
You see here 2 potions of curing.
b - 3 potions of curing (gained 2)
* * * LOW HITPOINT WARNING * * *
You feel very sick. The hornet barely misses you.
The hornet completely misses you. The hornet barely misses you.
You feel better. The hornet stings you.
* * * LOW HITPOINT WARNING * * *
You feel as though you will be slow longer.
The wight hits you with a +0 flail!
You die...
Your body crumbles into a pile of gold.

#...
#.###.##.#####
#..# #........#
#..# #####.#### ♣.
#..# #.# ♣♣.♣
#..#######.#
#♣.≈.♣#..........#
#z≈≈≈.#....#######
#.≈≈≈$#...##
#.≈≈≈.#.@##
#.≈~≈.#yz# ♣$..#
#.≈~≈....#
#♣~≈~♣...#
#.≈~≈.#..#
#.≈≈≈.#..#
#.≈≈≈.#..#
#.≈≈≈.#..<


You could see a hornet and a wight.

Vanquished Creatures
  Psyche (D:10)
  Sigmund (D:5)
  2 shadows
  A wyvern (D:7)
  2 steam dragons
  3 ice beasts
  5 orc warriors
  A sky beast (D:7)
  2 black bears
  2 ogres
  2 centaurs
  2 phantoms
  2 bullfrogs
  A gnoll sergeant (D:5)
  A scorpion (D:4)
  4 killer bees (D:6)
  5 howler monkeys
  An electric eel (D:10)
  2 jellies
  4 orc priests
  Crazy Yiuf (D:2)
  3 gnoll boudas
  4 hounds
  3 sleepcaps
  Terence (D:3)
  2 iguanas
  3 orc wizards (D:10)
  33 gnolls
  8 adders
  A shadow imp (D:6)
  4 ufetubi
  3 dart slugs
  30 orcs
  12 ball pythons
  6 endoplasms
  5 giant cockroaches
  9 goblins
  5 hobgoblins
  6 kobolds
  6 quokkas
  5 bats
  5 frilled lizards
  7 rats
206 creatures vanquished.

Vanquished Creatures (others)
  A vampire (D:10)
  2 fungi (D:2)
3 creatures vanquished.

Grand Total: 209 creatures vanquished

Notes
Turn   | Place    | Note
-------+----------+-------------------------------------------
     0 | D:1      | KristoblXynda the Draconian Gladiator began the quest for
                  | the Orb.
     0 | D:1      | Reached XP level 1. HP: 17/17 MP: 1/1
   129 | D:1      | Reached XP level 2. HP: 22/25 MP: 2/2
   618 | D:2      | Reached XP level 3. HP: 30/30 MP: 3/3
   646 | D:2      | Reached skill level 4 in Long Blades
   646 | D:2      | Reached XP level 4. HP: 7/38 MP: 4/4
   865 | D:2      | HP: 1/38 [gnoll/+0 spear (7)]
  1646 | D:2      | Reached XP level 5. HP: 44/45 MP: 5/5
  1815 | D:2      | Found a runed translucent door.
  1816 | D:2      | Noticed Crazy Yiuf
  1837 | D:2      | Killed Crazy Yiuf
  1842 | D:2      | HP: 2/45 [poisoned by Crazy Yiuf]
  2097 | D:3      | Found a faded altar of an unknown god.
  2244 | D:3      | Reached skill level 9 in Long Blades
  2244 | D:3      | Reached XP level 6. HP: 60/60 MP: 6/6
  2633 | D:3      | Noticed Terence
  2666 | D:3      | Killed Terence
  3438 | D:4      | Your scales start taking on a dull iron-grey colour.
  3438 | D:4      | Reached XP level 7. HP: 66/66 MP: 7/7
  3606 | D:4      | Reached skill level 10 in Long Blades
  3625 | D:4      | Found a shadowy altar of Dithmenos.
  4365 | D:5      | Entered Level 5 of the Dungeon
  4511 | D:5      | Found a staircase to the Ecumenical Temple.
  4542 | Temple   | Entered the Ecumenical Temple
  4847 | D:5      | Reached XP level 8. HP: 74/74 MP: 8/8
  4991 | D:5      | Found a broken altar of Ashenzari.
  5388 | D:5      | Noticed Sigmund
  5401 | D:5      | Killed Sigmund
  5745 | D:6      | Found a radiant altar of Vehumet.
  5754 | D:6      | Found a hide-covered altar of Uskayaw.
  5817 | D:6      | Reached XP level 9. HP: 20/82 MP: 9/9
  7039 | Temple   | Became a worshipper of Gozag Ym Sagoz the Greedy
  7291 | D:7      | Reached skill level 5 in Throwing
  7549 | D:7      | You fall into a shaft and drop 3 floors!
  7549 | D:10     | Entered Level 10 of the Dungeon
  7564 | D:10     | Noticed Maurice
  7595 | D:10     | HP: 4/82 [poisoned by Maurice]
  7866 | D:10     | Found a snail-covered altar of Cheibriados.
  7880 | D:10     | Noticed Psyche
  7929 | D:10     | Killed Psyche
  8177 | D:10     | Reached skill level 11 in Long Blades
  8279 | D:10     | Learned a level 3 spell: Vhi's Electric Charge
  8332 | D:10     | Found a staircase to the Orcish Mines.
  8531 | D:10     | Reached XP level 10. HP: 91/91 MP: 10/10
  9407 | D:9      | HP: 2/91 [poisoned by a hornet]
  9408 | D:9      | Slain by a wight

Illustrated notes

Levels and vault maps discovered:
D:1:      zaba_arrival_water, layout_basic, supply_closet_lemuel
D:2:      layout_loops_cross, uniq_crazy_yiuf_cottage
D:3:      layout_basic, chequers_ecumenical_altar_simple,
          kennysheep_generic_room_12, uniq_terence
D:4:      layout_cave_pools, mainiacjoe_overflow_six_doors_small,
          corner_web_ring, st_stairs_11, hangedman_decor_diamond_cutter
D:5:      layout_basic, mainiacjoe_overflow_boulevard,
          minmay_temple_entry_offerings, uniq_sigmund
D:6:      layout_loops_ring, mainiacjoe_overflow_catwalk_spiral
D:7:      layout_basic
D:9:      nzn_winding_woodlands_medium [nzn_winding_woodlands_5x5_three,
          nzn_winding_woodlands_5x15_river_crossing,
          nzn_winding_woodlands_5x5_open_star,
          nzn_winding_woodlands_5x5_default,
          nzn_winding_woodlands_center_triple_pond,
          nzn_winding_woodlands_5x5_checkerboard,
          nzn_winding_woodlands_5x5_perimeter,
          nzn_winding_woodlands_5x15_pathside_ponds,
          nzn_winding_woodlands_5x5_default], layout_loops_corners
D:10:     layout_basic, tso_metal_star, mainiacjoe_overflow_catwalk,
          david_orc_2, uniq_urug, uniq_maurice, uniq_psyche
Temple:   hellmonk_temple_of_storms

Skill      XL: |  1  2  3  4  5  6  7  8  9 |
---------------+----------------------------+-----
Throwing       | 2 4 6 |  6.6
Dodging        | 3 6 7 8 |  8.2
Fighting       | 3 7 8 9 |  9.5
Long Blades    | 4 9 10 11 | 11.2

Action                     |  1- 3 |  4- 6 |  7- 9 | 10-12 || total
---------------------------+-------+-------+-------+-------++-------
  Melee: Long sword        |   101 |   209 |   480 |    85 ||   875
         Tailslap          |     6 |    35 |    78 |    14 ||   133
         Punch             |     1 |     2 |     6 |       ||     9
         Unarmed           |       |       |    16 |       ||    16
  Throw: Throwing net      |       |     3 |       |       ||     3
 Invoke: Potion Petition   |       |       |       |     1 ||     1
    Use: Potion            |     1 |     3 |     3 |     1 ||     8
         Scroll            |       |     7 |     9 |       ||    16
   Stab: Sleeping          |       |     1 |     3 |       ||     4
         Distracted        |       |       |       |     1 ||     1
 Armour: Skin              |    41 |    59 |   164 |    36 ||   300
  Dodge: Dodged            |    70 |   185 |   491 |    75 ||   821

Table legend: (Time is in decaauts)
 A = Elapsed time spent in this place.
 B = Non-inter-level travel time spent in this place.
 C = Inter-level travel time spent in this place.
 D = Time resting spent in this place.
 E = Time spent auto-exploring this place.
 F = Levels seen in this place.
 G = Mean time per level.
                   A        B        C        D        E       F      G
               +--------+--------+--------+--------+--------+-----+--------+
         Total |   9379 |   9033 |    346 |   3081 |   4069 |  10 |  937.9 |
       Dungeon |   9221 |   8883 |    338 |   3081 |   4047 |   9 | 1024.6 |
        Temple |    158 |    150 |      8 |      0 |     22 |   1 |  158.0 |
               +--------+--------+--------+--------+--------+-----+--------+

Top non-repeatable levels by time:
    D:10: 1696 daAuts
     D:6: 1314 daAuts
     D:3: 1300 daAuts
     D:5: 1251 daAuts
     D:2: 1129 daAuts
     D:4: 1002 daAuts
     D:1: 975 daAuts
     D:7: 422 daAuts
  Temple: 158 daAuts
     D:9: 130 daAuts
